AoeStats
← Viper

Arabia

508320160Analyzed
2v2 RM · 11d ago on Sep 21, 2026· 30m 58s· 4 players
Game mode
Random Map
Map size
Medium (4 player)
Population
200
Speed
Normal
Resources
Standard
Victory
Conquest
Starting age
Dark Age
Ending age
Imperial Age
RankedLock teamsTeams togetherTeam positionsShared explorationLock speedFull tech treeHidden civsTurbo modeCheats
Victory
Defeat
🇺🇸 Japanese · United States
1091
+14
🇺🇸 Mongols · United States
1088
+14
🇦🇷 Armenians · Argentina
1046
-14
🇦🇷 Turks · Argentina
1045
-14
Viper
5:19 Loom
11:30 Feudal Age
14:18 Horse Collar
14:31 Double-Bit Axe
19:05 Bloodlines
23:40 Castle Age
27:57 Bow Saw
28:07 Heavy Plow
31:15 Squires
Snake
3:15 Loom
3:40 Loom
10:49 Feudal Age
10:52 Man-at-Arms
11:49 Long Swordsman
24:57 Castle Age
23:29 Double-Bit Axe
23:30 Horse Collar
24:03 Gold Mining
24:56 Forging
25:04 Two-Handed Swordsman
27:20 Bow Saw
27:46 Scale Mail Armor
30:19 Fletching
ben day
7:48 Feudal Age
9:17 Double-Bit Axe
13:00 Bloodlines
24:45 Castle Age
24:35 Fletching
25:32 Bodkin Arrow
25:43 Husbandry
28:06 Gold Mining
30:13 Padded Archer Armor
LumiWolfPanda
7:00 Loom
10:56 Feudal Age
11:18 Man-at-Arms
12:19 Arson
13:17 Arson
23:45 Castle Age
22:08 Double-Bit Axe
22:16 Gold Mining
22:36 Stone Mining
23:38 Forging
23:16 Horse Collar
25:29 Bow Saw
26:41 Forging
26:32 Scale Mail Armor
30:06 Town Watch
Connection lost

Rejoining the realm…

Still unreachable

The connection could not be restored.

Session expired

The server has moved on; the page needs a fresh start.